 Dungeon Crawl Stone Soup version 0.29.1-1-gd02db6906a (webtiles) character file.

Game seed: 17679694546654827756

3760 Lutefisk the Covert (level 9, -5/74 HPs)
             Began as a Vampire Brigand on Sept 18, 2022.
             Was a Believer of Makhleb.
             Slain by a hornet (8 damage)
             ... on level 9 of the Dungeon.
             The game lasted 00:36:15 (4844 turns).

Lutefisk the Covert (Vampire Brigand)               Turns: 4844, Time: 00:36:16

Health: -5/74      AC:  5    Str: 16    XL:     9   Next: 94%
Magic:  12/12      EV: 15    Int: 16    God:    Makhleb [**....]
Gold:   581        SH:  6    Dex: 23    Spells: 8/8 levels left

rFire   . . .      SeeInvis +   a - +2 dagger (venom)
rCold   + + .      Faith    .   r - +0 buckler of the Depths {Str+4}
rNeg    . . .      Spirit   .   q - +0 leather armour of Vaedymuu {rC++ Int+2}
rPois   .          Reflect  .   (no helmet)
rElec   .          Harm     .   c - +0 cloak
rCorr   .          Rampage  .   (no gloves)
Will    .....                   G - +0 pair of boots
Stlth   +++++.....              (no amulet)
HPRegen 0.42/turn               (no ring)
MPRegen 0.13/turn               C - +6 ring of dexterity

@: lethally poisoned (-5 -> -8), healing quickly
A: alive, fangs 3, see invisible, vampiric 2
a: Exsanguinate, Renounce Religion, Minor Destruction


You were on level 9 of the Dungeon.
You worshipped Makhleb.
Makhleb was pleased with you.
You visited 2 branches of the dungeon, and saw 10 of its levels.

You collected 626 gold pieces.
You spent 45 gold pieces at shops.

Inventory:

Hand Weapons
 a - a +2 dagger of venom (weapon)
 h - a +0 sling
 x - a +7 club
Missiles
 d - 15 poisoned darts
 e - 2 curare-tipped darts (quivered)
 B - 2 boomerangs
Armour
 c - a +0 cloak (worn)
 q - the +0 leather armour of Vaedymuu (worn) {rC++ Int+2}
   (You found it on level 8 of the Dungeon)

   Int:       It affects your intelligence (+2).
   rC:        It greatly protects you from cold.
 r - the +0 buckler of the Depths (worn) {Str+4}
   (You found it on level 3 of the Dungeon)

   Str:       It affects your strength (+4).
 A - a +0 kite shield
 G - a +0 pair of boots (worn)
Magical Staves
 E - a staff of fire
Jewellery
 y - a ring of magical power
 C - a +6 ring of dexterity (right hand)
 N - a ring of ice
Wands
 f - a wand of paralysis (9)
 o - a wand of roots (20)
 w - a wand of flame (5)
 F - a wand of quicksilver (6)
 Q - a wand of digging (9)
Scrolls
 g - 2 scrolls of blinking {unknown}
 j - a scroll of acquirement {unknown}
 l - a scroll of amnesia {unknown}
 n - 3 scrolls of teleportation {unknown}
 t - 2 scrolls of poison {unknown}
 u - 3 scrolls of fog {unknown}
 H - 3 scrolls of enchant armour {unknown}
 I - 5 scrolls of identify {unknown}
 J - a scroll of magic mapping {unknown}
 K - a scroll of vulnerability {unknown}
 O - 3 scrolls of noise {unknown}
Potions
 b - a potion of attraction {unknown}
 i - a potion of degeneration {unknown}
 k - 2 potions of heal wounds {unknown}
 m - 2 potions of curing {unknown}
 p - a potion of magic {unknown}
 s - a potion of ambrosia {unknown}
 v - 2 potions of might {unknown}
 z - 4 potions of cancellation
 D - a potion of lignification {unknown}
 L - a potion of haste {unknown}
 M - a potion of brilliance {unknown}
 P - a potion of flight {unknown}


   Skills:
 - Level 8.0 Fighting
 - Level 2.1 Short Blades
 - Level 2.0 Throwing
 - Level 2.0 Armour
 * Level 5.3 Dodging
 * Level 12.4 Stealth
 - Level 4.0 Shields
 - Level 4.0 Invocations
 - Level 2.0 Evocations


You had 8 spell levels left.
You didn't know any spells.
Your spell library contained the following spells:

 Spells                   Type           Power      Damage    Failure   Level
 Beastly Appendage        Tmut           0%         N/A       38%         1
 Foxfire                  Conj/Fire      0%         2x1d4     38%         1
 Necrotise                Necr           0%         1d4       38%         1
 Ensorcelled Hibernation  Hex/Ice        0%         N/A       52%         2
 Passwall                 Tmut/Erth      0%         N/A       52%         2
 Wereblood                Tmut           0%         N/A       52%         2
 Call Canine Familiar     Summ           0%         N/A       77%         3
 Conjure Flame            Conj/Fire      0%         6-21      77%         3
 Inner Flame              Hex/Fire       0%         N/A       77%         3
 Portal Projectile        Hex/Tloc       0%         N/A       77%         3
 Spider Form              Tmut/Pois      0%         N/A       77%         3
 Swiftness                Air            0%         N/A       77%         3
 Flame Wave               Conj/Fire      0%         2d4       99%         4
 Leda's Liquefaction      Hex/Erth       0%         N/A       99%         4
 Summon Ice Beast         Ice/Summ       0%         N/A       99%         4
 Summon Lightning Spire   Summ/Air       0%         N/A       99%         4
 Summon Mana Viper        Hex/Summ       0%         N/A       100%        5
 Monstrous Menagerie      Summ           0%         N/A       100%        7
 Spellforged Servitor     Conj/Summ      0%         N/A       100%        7
 Infestation              Necr           0%         N/A       100%        8


Dungeon Overview and Level Annotations

Branches:
Dungeon (9/15)             Temple (1/1) D:5
   Lair: D:8-11         Orc: D:9-12

Altars:
Ashenzari
Cheibriados
Fedhas
Gozag
Kikubaaqudgha
Makhleb
Okawaru
Qazlal
Ru
Sif Muna
Trog
Uskayaw
Vehumet
Wu Jian

Shops:
D:1 *

Annotations:
D:4 3 runed translucent doors, CertainDeath's ghost, amateur TrTm


Innate Abilities, Weirdness & Mutations

Your natural rate of healing is accelerated.
You have razor-sharp teeth.
You have supernaturally acute eyesight. (SInv)
You are afflicted with vampirism and can become a bat while bloodless.


Message History

You feel sick.
The orc warrior hits you with a +0 scimitar!
The orc warrior attacks as you move away!
The orc warrior barely misses you.
You feel sick.
The orc warrior attacks as you move away!
The orc warrior closely misses you.
Found a bubbling black potion.
You feel sick.
You hit the orc warrior but do no damage.
The orc warrior is almost dead.
You feel sick.
You are no longer poisoned.
The orc warrior hits you with a +0 scimitar!
* * * LOW HITPOINT WARNING * * *
The orc warrior attacks as you move away!
The orc warrior closely misses you.
You kill the orc warrior!
Makhleb accepts your kill.
You feel better.
Throw: 3 darts (curare)
Press: ? - help, Q - select action, (/) - cycle Shift-Dir - straight line, f - hornet
Aim: a hornet (57% to hit)
You throw a curare-tipped dart.
The curare-tipped dart closely misses the hornet.
Unknown command.
You hit the hornet but do no damage.
The hornet is poisoned.
The hornet stings you!
* * * LOW HITPOINT WARNING * * *
You are poisoned.
You feel yourself slow down. The hornet barely misses you.
You feel yourself speed up.
You feel very sick.
The hornet stings you but does no damage.
The orc hits you with a +2 whip of freezing.
* * * LOW HITPOINT WARNING * * *
It was a potion of cancellation.
You feel magically purged.
You feel sick. You block the hornet's attack.
The orc hits you with a +2 whip of freezing.
* * * LOW HITPOINT WARNING * * *
The hornet stings you!
You die...

#...# #.........
#...######.........
#####..)..y..))........
#.(....#######.........
#..>...# #.......#
#!.....# #.......#
#......# #.......+
#......#######.......#
#......y@............#
######.o..........####
#......).....#
#......).)...# ###
#..#+####....# ##..
#..# #....####... #..#
#....##..... #..#
#....#.....#
#..........#


You could see a hornet (very poisoned) and an orc.

Vanquished Creatures
  A hornet (D:8)
  2 wyverns
  4 orc warriors
  4 ice beasts
  2 sky beasts
  3 black bears
  A centaur (D:7)
  4 bullfrogs
  A scorpion (D:7)
  A gnoll sergeant (D:8)
  6 wights (D:8)
  5 killer bees (D:9)
  5 howler monkeys
  2 hounds
  2 gnoll boudas
  3 orc priests
  Ijyb (D:4)
  4 iguanas
  14 orc wizards
  11 gnolls
  4 adders
  A shadow imp (D:5)
  3 ufetubi
  2 dart slugs
  32 orcs
  5 endoplasms
  3 giant cockroaches
  8 goblins
  6 hobgoblins
  3 quokkas
  A ball python (D:3)
  5 bats
  2 frilled lizards (D:1)
  4 kobolds
  4 rats (D:1)
  A butterfly (D:5)
160 creatures vanquished.

Vanquished Creatures (others)
  5 plants (D:1)
5 creatures vanquished.

Grand Total: 165 creatures vanquished

Notes
Turn   | Place    | Note
-------+----------+-------------------------------------------
     0 | D:1      | Lutefisk the Vampire Brigand began the quest for the Orb.
     0 | D:1      | Reached XP level 1. HP: 16/16 MP: 1/1
    36 | D:1      | Reached skill level 6 in Stealth
   120 | D:1      | Reached XP level 2. HP: 18/23 MP: 2/2
   299 | D:1      | Found Roidoum's Assorted Antiques.
   315 | D:1      | Bought 2 murky puce potions for 45 gold pieces
   451 | D:2      | Gained mutation: You are afflicted with vampirism and can
                  | become a bat while bloodless. [Vampire growth]
   451 | D:2      | Reached XP level 3. HP: 21/29 MP: 3/3
   664 | D:3      | Identified the +0 buckler of the Depths {Str+4}
   739 | D:3      | Found a snail-covered altar of Cheibriados.
   794 | D:3      | Reached XP level 4. HP: 35/35 MP: 4/4
   918 | D:4      | Noticed Ijyb
   927 | D:4      | Killed Ijyb
   928 | D:4      | Reached skill level 7 in Stealth
   928 | D:4      | Reached skill level 1 in Shields
   974 | D:4      | Reached XP level 5. HP: 41/41 MP: 5/5
  1115 | D:4      | Reached skill level 8 in Stealth
  1122 | D:4      | Noticed a wyvern
  1124 | D:4      | Killed a wyvern
  1125 | D:4      | Reached skill level 5 in Fighting
  1125 | D:4      | Reached XP level 6. HP: 51/51 MP: 6/6
  1260 | D:4      | Found a runed translucent gate.
  1260 | D:4      | Identified the +6 whip "Waneshrym" {vorpal, rCorr SInv}
  1260 | D:4      | Identified the +1 leather armour of Zaoleop {rElec rPois
                  | rF+}
  1260 | D:4      | Noticed CertainDeath's ghost (amateur TrTm)
  1261 | D:4      | Found a runed translucent gate.
  1262 | D:4      | Found a runed translucent gate.
  1262 | D:4      | Noticed an orc warrior
  1322 | D:5      | Entered Level 5 of the Dungeon
  1381 | D:5      | Found a staircase to the Ecumenical Temple.
  1393 | Temple   | Entered the Ecumenical Temple
  1529 | D:5      | Reached skill level 9 in Stealth
  1529 | D:5      | Reached XP level 7. HP: 55/56 MP: 7/7
  1867 | Temple   | Became a worshipper of Makhleb the Destroyer
  1955 | D:6      | Found an opulent altar of Gozag.
  2032 | D:6      | Reached skill level 10 in Stealth
  2320 | D:6      | Reached XP level 8. HP: 21/64 MP: 8/8
  2360 | D:6      | Found a bloodstained altar of Trog.
  2538 | D:7      | Found a radiant altar of Vehumet.
  2597 | D:7      | Found an ornate altar of the Wu Jian Council.
  2602 | D:7      | Found a faded altar of an unknown god.
  2605 | D:7      | Found a faded altar of an unknown god.
  2640 | D:6      | Found a blossoming altar of Fedhas.
  2738 | D:7      | Got the Secrets of the Twisted Escort
  2812 | D:7      | Reached skill level 11 in Stealth
  2868 | D:7      | Reached * piety under Makhleb
  3199 | D:8      | Reached skill level 12 in Stealth
  3236 | D:7      | Reached skill level 1 in Armour
  3356 | D:8      | Reached XP level 9. HP: 58/72 MP: 9/9
  3424 | D:7      | Reached skill level 1 in Invocations
  3599 | D:8      | Reached skill level 1 in Evocations
  3837 | D:8      | Reached ** piety under Makhleb
  3876 | D:8      | Reached skill level 5 in Dodging
  4060 | D:8      | Found an ancient bone altar of Kikubaaqudgha.
  4164 | D:8      | Identified the +0 leather armour of Vaedymuu {rC++ Int+2}
  4632 | D:9      | Found an iron altar of Okawaru.
  4844 | D:9      | HP: 3/74 [orc/+2 whip of freezing (5)]
  4844 | D:9      | Slain by a hornet

Illustrated notes

Levels and vault maps discovered:
D:1:      dpeg_arrival_simpleton_a, layout_basic, serial_shops,
          nicolae_shop_overgrown_old_shop
D:2:      layout_basic
D:3:      layout_basic, mainiacjoe_overflow_six_doors_small,
          yredelemnul_forgotten_temple_becter
D:4:      layout_rooms, biasface_ghost_orc_armoury, dreamdust_princess_bridge,
          hex_intersection, uniq_ijyb
D:5:      layout_loops_ring, minmay_temple_entry_butterflies, minivault_4
D:6:      layout_basic, mainiacjoe_overflow_24_doors, fedhas_altar_1,
          trog_ov_bears_minmay, kennysheep_generic_room_11
D:7:      layout_cave_pools, regret_index_temple_of_mockery,
          overflow_temple_1_default, chequers_temple_overflow_minitemple,
          wad_floor_pattern_2, kennysheep_another_room
D:8:      layout_gridville, mainiacjoe_overflow_catwalk, grunt_ministairs_4
D:9:      layout_irregular_city, nicolae_tso_carved_into_rock,
          mainiacjoe_overflow_tiny_flanked
Temple:   nicolae_temple_superstar

Skill      XL: |  1  2  3  4  5  6  7  8  9 |
---------------+----------------------------+-----
Stealth        | 6 7 8 9 10 12 | 12.4
Fighting       | 2 3 5 6 7 8 |  8.0
Shields        | 1 2 3 4 |  4.0
Throwing       | 2 |  2.0
Dodging        | 2 4 5 |  5.3
Armour         | 1 2 |  2.0
Invocations    | 4 |  4.0
Evocations     | 2 |  2.0
Short Blades   | |  2.1

Action                   |  1- 3 |  4- 6 |  7- 9 || total
-------------------------+-------+-------+-------++-------
Melee: Dagger            |    81 |   108 |   358 ||   547
       Bite              |     9 |    13 |    56 ||    78
Throw: Dart              |       |       |    13 ||    13
Evoke: Wand              |       |       |    11 ||    11
  Use: Potion            |       |       |     1 ||     1
 Stab: Sleeping          |    17 |     9 |    12 ||    38
       Confused          |       |     1 |       ||     1
       Distracted        |       |       |     2 ||     2
       Paralysed         |       |       |     2 ||     2
Armor: Robe              |     9 |       |       ||     9
       Leather armour    |     3 |    22 |    77 ||   102
Dodge: Dodged            |    30 |    40 |   216 ||   286
Block: Buckler           |       |    20 |   116 ||   136
